 Dungeon Crawl Stone Soup version 0.30.0-29-ga12c61a403 (webtiles) character file.

Game seed: 8039027518430550362

14 Hubris850 the Insei (level 2, -1/21 HPs)
             Began as a Merfolk Transmuter on June 5, 2023.
             Slain by a worm (7 damage)
             ... on level 2 of the Dungeon.
             The game lasted 00:01:28 (639 turns).

Hubris850 the Insei (Merfolk Transmuter)             Turns: 639, Time: 00:01:29

Health: -1/21      AC:  3    Str: 10    XL:     2   Next: 41%
Magic:  5/5        EV: 13    Int: 12    God:
Gold:   54         SH:  0    Dex: 14    Spells: 4/5 levels left

rFire   . . .        d - +0 dagger (flame)
rCold   . . .        (no shield)
rNeg    . . .        a - +0 robe
rPois   .            (no helmet)
rElec   .            (no cloak)
rCorr   .            (no gloves)
SInv    .            e - +0 pair of boots
Will    .....        (no amulet)
Stlth   +            (no ring)
HPRegen 0.23/turn    (no ring)
MPRegen 0.09/turn

%: no passive effects
@: no status effects
A: (nimble swimmer 2), mertail
a: no special abilities


You were on level 2 of the Dungeon.
You visited 1 branch of the dungeon, and saw 2 of its levels.

You collected 54 gold pieces.

Inventory:

Hand Weapons
 d - a +0 dagger of flaming (weapon)
Armour
 a - a +0 robe (worn)
 e - a +0 pair of boots (worn)
Scrolls
 f - a scroll of silence {unknown}
Potions
 b - a potion of lignification
 c - a potion of degeneration {unknown}
 g - a potion of resistance {unknown}


   Skills:
 - Level 1.1 Fighting
 - Level 3.4 Dodging
 + Level 3.7 Unarmed Combat
 - Level 2.0 Spellcasting
 - Level 2.6 Transmutations


You had 4 spell levels left.
You knew the following spells:

 Your Spells              Type           Power      Damage    Failure   Level
a - Beastly Appendage     Tmut           14%        N/A       9%          1

Your spell library contained the following spells:

 Spells                   Type           Power      Damage    Failure   Level
 Wereblood                Tmut           7%         N/A       14%         2
 Summon Small Mammal      Summ           4%         N/A       26%         1
 Spider Form              Tmut/Pois      4%         N/A       43%         3
 Call Canine Familiar     Summ           1%         N/A       63%         3
 Summon Guardian Golem    Hex/Summ       1%         N/A       63%         3
 Ice Form                 Ice/Tmut       4%         N/A       83%         4


Dungeon Overview and Level Annotations

Branches:
Dungeon (1/15)

Altars:


Innate Abilities, Weirdness & Mutations

((You are very nimble when in or above water. (Stealth+, EV+, Speed+++)))
Your lower body shifts to a powerful aquatic tail in water.


Message History

The kobold is severely wounded.
The kobold hits you with a +0 short sword.
You hit the kobold. You burn the kobold.
You kill the kobold!
You barely miss the goblin. Your headbutt misses the goblin.
The goblin closely misses you.
You closely miss the goblin. The goblin hits you with a +0 club.
You hit the goblin. You burn the goblin.
You kill the goblin!
Your transformation is almost over.
Training target 3.4 for Dodging reached!
The worm bites you!
Items here: ( ))) ††.
You are too injured to fight recklessly!
You are too injured to fight recklessly!
You are too injured to fight recklessly!
You are too injured to fight recklessly!
You hit the worm but do no damage. You hit the worm. You burn the worm.
The worm is lightly wounded.
The worm closely misses you.
You hit the worm but do no damage.
The worm is lightly wounded.
The worm bites you.
You completely miss the worm.
The worm is lightly wounded.
You barely miss the worm.
The worm is lightly wounded.
The worm bites you.
* * * LOW HITPOINT WARNING * * *
You hit the worm but do no damage. You hit the worm. You burn the worm.
Your headbutt misses the worm.
The worm is moderately wounded.
The worm bites you but does no damage.
You hit the worm but do no damage.
The worm is moderately wounded.
Your horns disappear.
Your +0 pair of boots unmelds from your body.
The worm bites you!
You die...

#.... #.# . #..⌠.
.. ..#.... #.#
....#.. ..
#......#.#
#...... #..w# #@#
#.######.#
#........#
##.###### #.#
#.###############
#................
#################


You could see a worm.

Vanquished Creatures
  2 ball pythons (D:1)
  An endoplasm (D:1)
  2 giant cockroaches (D:1)
  2 goblins
  A frilled lizard (D:1)
  2 kobolds (D:2)
  3 rats (D:1)
13 creatures vanquished.

Notes
Turn   | Place    | Note
-------+----------+-------------------------------------------
     0 | D:1      | Hubris850 the Merfolk Transmuter began the quest for the
                  | Orb.
     0 | D:1      | Reached XP level 1. HP: 15/15 MP: 3/3
   384 | D:1      | Reached XP level 2. HP: 18/21 MP: 5/5
   549 | D:1      | You fall into a shaft and drop 1 floor!
   639 | D:2      | Slain by a worm

Illustrated notes

Levels and vault maps discovered:
D:1:      lightli_iron_boxes, layout_loops_ring
D:2:      minmay_skewed_foursquare, layout_basic, basic_altar, st_stairs_4

Skill      XL: |  1 |
---------------+----+-----
Dodging        | 3 |  3.4
Fighting       | |  1.1
Unarmed Combat | |  3.7
Spellcasting   | |  2.0
Transmutations | |  2.6

Action                     || total
---------------------------++-------
  Melee: Unarmed           ||    16
         Dagger            ||    36
         Headbutt          ||     4
   Cast: Beastly Appendage ||     2
   Stab: Sleeping          ||     1
 Armour: Robe              ||    14
  Dodge: Dodged            ||    27
